Map: [ESL] Altitude

Players

Mixu

  • Race: Zerg Zerg
  • Spawn Location: 7:00

Creator - Winner!

  • Race: Protoss Protoss
  • Spawn Location: 1:00

Event: ESL SC2 Masters 2023 Summer (Finals)

VOD

Have the link to the VOD?

Description

Time

  • Played on: June 16, 2023, 11:59 a.m.
  • Length: 15:58

All games in this series

Show
View Real Time Build Order
Export as new Build Order

Mixu Zerg 

Build Orders: Hatch First 

Get SALT Encoding   

  12  0:00  Drone  
  13  0:09  Drone  
  14  0:14  Extractor  
  14  0:15  Drone  
  15  0:38  Hatchery  
  14  0:45  Extractor, Drone  
  14  0:49  Overlord  
  15  1:08  Spawning Pool  
  15  1:11  Drone  
  15  1:17  Drone  
  16  1:19  Drone  
  17  1:31  Extractor, Drone  
  17  1:35  Drone  
  18  1:44  Drone  
  19  1:54  Queen  
  19  1:55  Queen  
  19  1:57  Zergling x2  
  24  2:02  Drone  
  24  2:05  Drone  
  26  2:11  Overlord  
  26  2:15  Drone  
  27  2:17  Drone  
  28  2:29  Drone x2  
  30  2:35  Metabolic Boost  
  30  2:43  Drone  
  31  2:48  Hatchery  
  31  2:50  Drone  
  31  2:53  Drone  
  31  2:57  Overlord  
  32  2:59  Drone  
  32  3:01  Drone  
  32  3:04  Drone  
  35  3:10  Zergling x2  
  36  3:14  Queen  
  36  3:16  Drone x2  
  40  3:20  Overlord  
  40  3:21  Drone  
  40  3:23  Drone  
  42  3:29  Queen  
  44  3:39  Drone x5  
  49  3:44  Drone  
  50  3:52  Spore Crawler  
  50  3:53  Spore Crawler  
  50  3:55  Zergling x4  
  50  3:59  Zergling x2  
  51  4:03  Queen  
  51  4:04  Drone x2  
  51  4:06  Queen  
  57  4:13  Drone  
  57  4:15  Overlord x2  
  58  4:25  Roach Warren  
  56  4:33  Drone x2  
  56  4:35  Drone x5  
  56  4:36  Lair  
  63  4:40  Extractor  
  63  4:41  Overlord  
  63  4:45  Drone x4  
  66  4:49  Overlord  
  66  5:00  Extractor  
  66  5:02  Drone  
  66  5:07  Overlord, Hatchery  
  66  5:09  Drone  
  66  5:12  Drone x5  
  66  5:13  Drone x3  
  74  5:17  Overlord, Drone  
  74  5:19  Drone  
  73  5:23  Evolution Chamber  
  73  5:26  Drone x3  
  75  5:29  Extractor, Baneling Nest  
  75  5:31  Zergling x4  
  75  5:35  Glial Reconstitution  
  75  5:36  Zergling x6  
  75  5:39  Drone  
  75  5:40  Spore Crawler  
  78  5:53  Zerg Melee Weapons Level 1  
  78  5:57  Drone x2  
  78  5:58  Overlord  
  78  6:01  Extractor, Drone x2  
  78  6:03  Drone x4  
  78  6:04  Drone  
  85  6:08  Overlord  
  85  6:09  Roach x2  
  86  6:15  Centrifugal Hooks  
  86  6:18  Overlord  
  86  6:19  Roach x6  
  86  6:25  Roach x3  
  103  6:27  Extractor  
  103  6:28  Zergling x4  
  104  6:34  Roach x3  
  104  6:36  Overlord x3  
  110  6:41  Overlord  
  110  6:45  Drone x4  
  114  6:50  Overlord  
  114  6:54  Overseer  
  114  6:56  Roach x4  
  114  6:57  Roach x3  
  114  7:00  Overlord  
  128  7:03  Overlord  
  128  7:09  Roach x6  
  128  7:12  Drone x3  
  128  7:15  Drone x3  
  143  7:22  Drone x7  
  148  7:33  Drone x3  
  148  7:35  Evolution Chamber  
  148  7:36  Zergling x10  
  155  7:43  Overlord x2  
  154  7:44  Ravager x4  
  154  7:45  Zergling x2  
  154  7:48  Zerg Melee Weapons Level 2  
  154  7:51  Zergling x14  
  166  8:01  Overlord x4  
  166  8:03  Pneumatized Carapace  
  166  8:06  Ravager x3  
  169  8:13  Overlord  
  169  8:15  Hatchery, Zergling x12  
  174  8:20  Baneling  
  174  8:21  Baneling x19  
  174  8:23  Zergling x10  
  174  8:25  Zergling x6  
  182  8:31  Zergling x10  
  186  8:35  Overlord  
  186  8:37  Extractor, Zergling x10  
  190  8:46  Zergling x10  
  192  8:50  Roach x6  
  199  8:57  Zergling x2  
  199  8:58  Baneling x17  
  200  9:06  Overlord  
  200  9:13  Roach x2  
  200  9:16  Roach x7  
  191  9:19  Roach  
  191  9:23  Roach x5  
  187  9:25  Roach x2  
  177  9:31  Roach x2  
  177  9:35  Roach x4  
  168  9:40  Roach x3  
  168  9:41  Queen x2  
  168  9:44  Queen  
  168  9:45  Zergling x6  
  173  9:50  Zergling x8  
  168  9:53  Zergling x2  
  168  9:58  Zergling x4  
  168  9:59  Extractor, Baneling x9  
  170  10:02  Zergling x12  
  176  10:07  Queen x2  
  176  10:13  Ravager x5  
  185  10:14  Zergling x10  
  189  10:26  Roach  
  189  10:27  Roach x3  
  189  10:28  Queen  
  195  10:29  Ravager x2  
  195  10:33  Zergling x6  
  195  10:40  Roach  
  180  10:45  Roach x4  
  180  10:49  Queen  
  168  10:50  Queen  
  168  10:54  Queen  
  168  10:56  Roach x6  
  180  11:03  Queen  
  157  11:06  Spire, Zergling x6  
  157  11:11  Extractor, Drone x2  
  154  11:17  Zergling x6  
  159  11:22  Drone  
  159  11:24  Spore Crawler  
  159  11:25  Queen, Spore Crawler  
  159  11:26  Queen, Spore Crawler x3, Drone  
  159  11:27  Zerg Missile Weapons Level 1, Drone, Spore Crawler, Infestation Pit  
  159  11:28  Spore Crawler x2  
  159  11:29  Spore Crawler  
  159  11:30  Queen  
  159  11:31  Drone  
  159  11:39  Drone x2  
  163  11:43  Hatchery, Drone  
  163  11:44  Drone  
  163  11:50  Drone  
  163  11:53  Drone x8  
  160  12:01  Queen x2  
  164  12:18  Drone x4  
  164  12:20  Corruptor x3  
  173  12:24  Corruptor x2  
  173  12:28  Hatchery  
  173  12:29  Infestor  
  175  12:30  Hive  
  175  12:31  Zerg Flyer Armor Level 1  
  175  12:34  Baneling  
  175  12:35  Baneling x8  
  173  12:37  Infestor  
  173  12:41  Drone  
  173  12:42  Roach x2, Corruptor  
  178  12:47  Corruptor x2  
  178  12:48  Corruptor  
  184  12:53  Ravager x2  
  184  12:57  Corruptor x3  
  192  13:05  Zergling x18  
  187  13:18  Corruptor x5  
  195  13:24  Baneling x4  
  195  13:25  Spine Crawler  
  195  13:26  Drone x3  
  196  13:46  Baneling x4  
  194  13:49  Evolution Chamber  
  194  13:52  Viper x2  
  199  13:59  Hatchery  
  199  14:02  Drone x2  
  199  14:07  Extractor  
  199  14:08  Extractor  
  196  14:13  Spire  
  196  14:16  Drone x2  
  197  14:30  Roach  
  196  14:41  Greater Spire  
  192  14:59  Zergling x12  
  200  15:05  Hatchery  
  193  15:07  Zergling x2  
  193  15:08  Zergling x10  
  194  15:15  Drone x6, Spore Crawler  
  194  15:16  Spore Crawler  
  180  15:22  Infestor x2  
  180  15:24  Roach x2  
  169  15:30  Roach x2  
  169  15:35  Roach x2  
Show
View Real Time Build Order
Export as new Build Order

Creator Protoss - Winner!

Build Orders: 1 Gate Expand, Oracle Opening, Phoenix Opening, Carriers, Zealot Archon, Archon Drop 

Get SALT Encoding   

  12  0:00  Probe  
  13  0:12  Probe  
  14  0:19  Pylon  
  14  0:24  Probe  
  15  0:37  Probe (Chrono Boost)  
  15  0:40  Gateway  
  16  0:48  Probe (Chrono Boost)  
  17  0:51  Assimilator  
  17  0:53  Probe (Chrono Boost)  
  18  1:03  Probe  
  19  1:15  Probe  
  20  1:29  Nexus  
  20  1:38  Cybernetics Core  
  20  1:41  Probe  
  21  1:48  Assimilator  
  21  1:53  Probe  
  22  1:57  Pylon  
  22  2:05  Probe  
  23  2:12  Adept (Chrono Boost)  
  25  2:17  Probe  
  25  2:21  Stargate  
  26  2:29  Warp Gate  
  27  2:30  Probe (Chrono Boost)  
  29  2:37  Adept  
  29  2:41  Probe (Chrono Boost)  
  29  2:42  Probe (Chrono Boost)  
  31  2:50  Probe x2 (Chrono Boost)  
  33  2:55  Probe (Chrono Boost)  
  33  2:56  Probe  
  35  3:01  Oracle (Chrono Boost)  
  38  3:08  Probe x2  
  40  3:16  Pylon  
  40  3:19  Adept  
  42  3:20  Probe x2  
  44  3:31  Phoenix  
  44  3:34  Probe x2  
  48  3:36  Gateway  
  48  3:43  Assimilator  
  48  3:45  Assimilator  
  48  3:46  Probe x2  
  50  3:56  Pylon, Oracle  
  53  4:03  Probe  
  54  4:14  Probe  
  54  4:15  Probe  
  55  4:26  Probe  
  55  4:27  Nexus  
  55  4:28  Pylon  
  56  4:33  Oracle  
  56  4:35  Probe  
  56  4:38  Probe  
  61  4:43  Robotics Facility  
  61  4:44  Twilight Council  
  61  4:47  Probe  
  61  4:50  Probe  
  63  5:01  Probe  
  63  5:02  Probe  
  63  5:03  Gateway x2  
  65  5:10  Pylon  
  65  5:11  Charge (Chrono Boost)  
  65  5:15  Probe x2  
  67  5:25  Templar Archives  
  67  5:27  Probe x2  
  67  5:28  Warp Prism (Chrono Boost)  
  71  5:37  Templar Archives  
  71  5:41  Gateway  
  71  5:43  Gateway  
  71  5:44  Probe x3  
  71  5:48  Shield Battery  
  74  5:56  Probe x3  
  77  5:57  Pylon  
  77  5:59  Gateway  
  77  6:04  Gateway  
  77  6:07  Pylon  
  77  6:11  Probe x3  
  76  6:24  High Templar x4  
  76  6:25  Probe x3  
  87  6:27  Forge, Observer  
  87  6:28  Archon  
  87  6:29  Archon  
  88  6:35  Assimilator x2  
  88  6:37  Pylon  
  88  6:40  Pylon  
  88  6:41  Robotics Bay  
  88  6:48  Probe  
  88  6:49  Probe x2  
  88  6:50  Pylon  
  91  7:08  Zealot x8  
  105  7:18  Protoss Ground Weapons Level 1  
  109  7:23  Void Ray (Chrono Boost)  
  109  7:25  Fleet Beacon  
  109  7:27  Nexus, Stargate  
  109  7:29  Disruptor (Chrono Boost)  
  109  7:36  Shield Battery  
  111  7:37  Probe  
  111  7:38  Probe x2  
  114  7:49  Pylon  
  114  7:53  Shield Battery  
  114  7:54  Shield Battery  
  114  7:57  Disruptor (Chrono Boost), Shield Battery  
  121  7:58  Shield Battery  
  121  8:00  Void Ray (Chrono Boost), Flux Vanes  
  121  8:02  Stalker x2  
  125  8:07  Probe x3  
  125  8:08  Shield Battery  
  132  8:20  Void Ray (Chrono Boost)  
  132  8:25  Probe x2  
  132  8:26  Probe  
  135  8:30  Assimilator  
  125  8:38  Void Ray (Chrono Boost)  
  129  8:41  Photon Cannon  
  129  8:42  Photon Cannon  
  129  8:43  Assimilator  
  129  8:54  Carrier (Chrono Boost)  
  132  8:56  Disruptor  
  132  8:57  Zealot x2  
  139  9:05  Photon Cannon  
  139  9:06  High Templar x2  
  136  9:10  Archon  
  136  9:14  Stalker  
  136  9:15  Zealot x3  
  144  9:20  Zealot x2  
  129  9:24  Probe x4, Carrier (Chrono Boost)  
  129  9:33  Photon Cannon x2  
  129  9:37  Probe x3  
  129  9:38  Probe  
  128  9:39  Zealot x3  
  128  9:42  Carrier (Chrono Boost)  
  133  9:49  Pylon  
  139  9:53  Pylon  
  139  9:54  Photon Cannon  
  139  10:00  Disruptor (Chrono Boost)  
  140  10:13  Stalker x2, Shield Battery  
  140  10:14  Shield Battery  
  144  10:20  Stalker, Sentry  
  148  10:23  Stalker x2  
  152  10:29  Disruptor  
  152  10:31  Pylon  
  155  10:38  Pylon  
  155  10:39  Carrier (Chrono Boost)  
  153  10:44  Carrier (Chrono Boost)  
  147  10:56  High Templar  
  149  10:57  Zealot x4  
  149  11:02  High Templar, Zealot  
  161  11:06  Observer  
  161  11:07  Archon  
  161  11:10  Probe x4  
  165  11:20  Protoss Air Weapons Level 1 (Chrono Boost)  
  159  11:31  Pylon  
  159  11:32  High Templar x2, Pylon  
  163  11:39  Zealot, Archon  
  171  11:40  Gateway  
  171  11:41  Carrier (Chrono Boost)  
  171  11:43  Gateway  
  167  11:53  Observer  
  171  11:54  Carrier (Chrono Boost)  
  171  12:00  Stargate  
  171  12:02  Pylon  
  171  12:04  Pylon  
  171  12:07  Probe x4, Pylon  
  175  12:19  Probe, High Templar  
  175  12:20  High Templar, Zealot x3  
  186  12:24  Archon  
  192  12:42  Carrier (Chrono Boost)  
  192  12:43  Carrier (Chrono Boost)  
  198  12:51  Nexus  
  198  13:08  Pylon  
  187  13:14  Protoss Air Weapons Level 2 (Chrono Boost)  
  175  13:20  Zealot x7  
  189  13:28  Carrier (Chrono Boost)  
  189  13:33  Zealot x2  
  199  13:38  Photon Cannon  
  199  13:40  Shield Battery  
  193  13:45  Zealot x5  
  193  13:47  Zealot  
  199  14:00  Carrier (Chrono Boost)  
  197  14:07  Zealot x2  
  199  14:14  Gateway  
  199  14:16  Gateway  
  191  14:44  Zealot x4  
  199  14:47  Stalker  
  199  14:56  Void Ray  
  191  15:24  Nexus  
  191  15:34  Zealot  
Tags
 
Add a new tag
Caveats
  • Supply blocks, unpowered buildings, or Contaminate may cause inaccurate times.
  • Supply counts are checked every 10 seconds.